 Dungeon Crawl Stone Soup version 0.21-a0-521-g1cd18d1 (webtiles) character file.

34 Gerstahl the Chopper (level 3, 0/31 HPs)
             Began as a Draconian Gladiator on Dec 5, 2017.
             Slain by a worm (9 damage)
             ... on level 2 of the Dungeon.
             The game lasted 00:00:40 (1260 turns).

Gerstahl the Chopper (Draconian Gladiator)          Turns: 1260, Time: 00:00:41

Health: 0/31       AC:  5    Str: 16    XL:     3   Next: 14%
Magic:  3/3        EV: 13    Int:  8    God:
Gold:   26         SH:  0    Dex: 13    Spells: 2/2 levels left

rFire    . . .     SeeInvis .   a - +0 war axe
rCold    . . .     Gourm    .   (no shield)
rNeg     . . .     Faith    .   (armour unavailable)
rPois    .         Spirit   .   b - +0 hat
rElec    .         Reflect  .   (no cloak)
rCorr    .         Harm     .   (no gloves)
MR       .....                  (no boots)
Stlth    +.........             (no amulet)
HPRegen  0.10/turn              (no ring)
MPRegen  0.08/turn              (no ring)

@: lethally poisoned (0 -> -1)
A: unfitting armour, cold-blooded, AC +5
a: no special abilities


You were on level 2 of the Dungeon.
You were very hungry.

You visited 1 branch of the dungeon, and saw 2 of its levels.

You collected 26 gold pieces.

Inventory:

Hand Weapons
 a - a +0 war axe (weapon)
Missiles
 c - 3 throwing nets (quivered)
Armour
 b - a +0 hat (worn)
Scrolls
 e - a scroll of enchant armour {unknown}
 g - 2 scrolls of identify {unknown}
 i - a scroll of enchant weapon {unknown}
 j - a scroll of remove curse {unknown}
Comestibles
 d - 2 bread rations
 f - a meat ration
 h - a royal jelly


   Skills:
 + Level 3.2 Fighting
 + Level 3.7 Axes
 - Level 1.7 Throwing
 - Level 2.6 Dodging


You had 2 spell levels left.
You didn't know any spells.

Dungeon Overview and Level Annotations

Branches:
Dungeon (2/15)

Altars:


Innate Abilities, Weirdness & Mutations

Your plain brown scales are hard. (AC +5)
You cannot fit into any form of body armour.
You are cold-blooded and may be slowed by cold attacks.


Message History

A worm is nearby!
You are too injured to fight recklessly!
A worm is nearby!
You are too injured to fight recklessly!
You barely miss the worm.
The worm is heavily wounded.
The worm barely misses you.
You slash the worm!
The worm is almost dead.
Throwing (i - inventory):
c - 3 throwing nets (quivered)
Press: ? - help, Shift-Dir - straight line, f - worm
Aim: a worm (almost dead)
Okay, then.
You hit the worm.
The worm is almost dead.
You feel sick. The worm closely misses you.
You hit the worm but do no damage.
The worm is almost dead.
The worm bites you!
You die...

#. ### .#
... .....
.#.####
..... #.#.#
## #.#.# ..
.
#<..#.#....
#.#@[......
#.#w#.##...
#.... ..
..#.#. ...
..#.#.. #..
...#.# .. #
##.##.# #.#
. ... ..


You could see a worm.

Vanquished Creatures
  An adder (D:2)
  A dart slug (D:1)
  2 bats
  A giant cockroach (D:2)
  2 goblins (D:1)
  5 hobgoblins
  5 jackals (D:1)
  A kobold (D:1)
  A frilled lizard (D:1)
  A rat (D:1)
  A butterfly (D:2)
21 creatures vanquished.

Notes
Turn   | Place    | Note
-------+----------+-------------------------------------------
     0 | D:1      | Gerstahl the Draconian Gladiator began the quest for the Orb.
     0 | D:1      | Reached XP level 1. HP: 17/17 MP: 1/1
   497 | D:1      | Reached XP level 2. HP: 21/25 MP: 2/2
  1251 | D:2      | Reached XP level 3. HP: 29/31 MP: 3/3
  1260 | D:2      | Slain by a worm

Vault maps used:
D:1:      sevenhm_arrival_forest_fort_large_4
D:2:      lemuel_coloured_pillars_altar, xom_butterflies, old_standard_altar,
          chequers_ecumenical_altar_simple

Skill      XL: |  1  2 |
---------------+-------+-----
Fighting       | 3 |  3.2
Axes           | |  3.7
Throwing       | |  1.7
Dodging        | |  2.6

Action                   || total
-------------------------++-------
Melee: War axe           ||    48
       Tailslap          ||     6
 Stab: Sleeping          ||     3
Armor: Skin              ||    13
Dodge: Dodged            ||    35

Table legend:
 A = Spawn XP
 B = Non-spawn XP
 C = Spawn XP percentage of total XP
 D = Spawn monster count
 E = Non-spawn monster count
 F = Spawn count percentage of total count
 G = Total turns spent on level
                    A         B        C        D         E        F      G
               +---------+---------+-------+---------+---------+-------+---------
         Total |       0 |      49 |   0.0 |       0 |      20 |   0.0 |  1260
               +---------+---------+-------+---------+---------+-------+---------
           D:1 |       0 |      31 |   0.0 |       0 |      16 |   0.0 |  1241
           D:2 |       0 |      18 |   0.0 |       0 |       4 |   0.0 |    19
               +---------+---------+-------+---------+---------+-------+---------
